 Dungeon Crawl Stone Soup version 0.25.1-9-gc5326a611f (webtiles) character file.

Game seed: 6973189347733393957

2154 jlumianski the Shield-Bearer (level 9, -3/54 HPs)
             Began as a Gargoyle Fighter on Dec 30, 2020.
             Was a Believer of Qazlal.
             Slain by a two-headed ogre
             ... wielding a +0 giant club
              (12 damage)
             ... on level 6 of the Dungeon.
             The game lasted 00:27:08 (6448 turns).

jlumianski the Shield-Bearer (Gargoyle Fighter)     Turns: 6448, Time: 00:27:09

Health: -3/54      AC: 18    Str: 23    XL:     9   Next: 31%
Magic:  13/13      EV:  7    Int:  9    God:    Qazlal [**....]
Gold:   238        SH: 19    Dex:  9    Spells: 8/8 levels left

rFire    . . .     SeeInvis .   a - +0 war axe
rCold    . . .     Gourm    .   c - +0 kite shield
rNeg     + . .     Faith    .   w - +0 chain mail
rPois    ∞         Spirit   .   h - +0 helmet
rElec    +         Reflect  +   t - +0 cloak (curse)
rCorr    .         Harm     .   (no gloves)
MR       .....                  (no boots)
Stlth    ..........             k - amulet of reflection
HPRegen  0.18/turn              (no ring)
MPRegen  0.13/turn              (no ring)

@: no status effects
A: negative energy resistance 1, electricity resistance, unbreathing,
petrification resistance, rot immunity, AC +6
a: Upheaval, Renounce Religion


You were on level 6 of the Dungeon.
You worshipped Qazlal.
Qazlal was pleased with you.
You were not hungry.

You visited 1 branch of the dungeon, and saw 6 of its levels.

You collected 238 gold pieces.

Inventory:

Hand Weapons
 a - a +0 war axe (weapon)
 q - a +2 whip of electrocution
Missiles
 e - 2 curare-tipped darts (quivered)
 j - 190 stones
 B - 15 poisoned darts
 C - a throwing net
 I - 6 boomerangs
Armour
 b - a +0 scale mail
 c - a +0 kite shield (worn)
 h - a +0 helmet (worn)
 i - a +0 cloak
 p - +0 steam dragon scales
 t - a cursed +0 cloak (worn)
 w - a +0 chain mail (worn)
Jewellery
 k - an amulet of reflection (around neck)
 l - a cursed -4 ring of slaying
 E - a cursed -4 ring of dexterity
Wands
 u - a wand of disintegration (14)
Scrolls
 g - 6 scrolls of identify
 r - 3 scrolls of teleportation
 s - a scroll of fog {unknown}
 y - a scroll of magic mapping {unknown}
 F - 2 scrolls of remove curse {unknown}
 K - a scroll of immolation {unknown}
Potions
 d - 2 potions of might
 m - a potion of haste {unknown}
 n - a potion of brilliance {unknown}
 o - a potion of heal wounds
 v - a potion of curing
 x - a potion of degeneration {unknown}
 z - 2 potions of cancellation
 A - a potion of stabbing {unknown}
 D - a potion of mutation {unknown}
 H - a potion of magic {unknown}
 J - a potion of lignification {unknown}
Comestibles
 f - 9 rations
 G - 17 chunks of flesh


   Skills:
 + Level 5.1 Fighting
 + Level 6.4 Axes
 + Level 0.2 Throwing
 + Level 5.0 Armour
 + Level 1.5 Dodging
 + Level 0.4 Stealth
 + Level 7.5 Shields
 * Level 5.6 Invocations


You had 8 spell levels left.
You didn't know any spells.
Your spell library contained the following spells:

 Spells                   Type           Power        Failure   Level  Hunger
 Animate Skeleton         Necr           N/A          100%        1    ##.....


Dungeon Overview and Level Annotations

Branches:
Dungeon (6/15)
 Temple: D:4-7

Altars:
Elyvilon
Hepliaklqana
Kikubaaqudgha
Nemelex Xobeh
Qazlal
Sif Muna
Vehumet
Xom
Zin
The Shining One


Innate Abilities, Weirdness & Mutations

You are resistant to torment.
Your stone body is resilient. (AC +6)
You are immune to poison.
You resist negative energy. (rN+)
You are resistant to electric shocks. (rElec)
You can survive without breathing.
You are immune to petrification.
You are immune to rotting.


Message History

The two-headed ogre hits you with a +0 giant spiked club!
You slash the two-headed ogre!
The two-headed ogre is severely wounded.
The two-headed ogre is no longer moving slowly.
You slash the two-headed ogre!
The two-headed ogre is almost dead.
You block the two-headed ogre's attack. x2
Your shield and chain mail prevent you from hitting the two-headed ogre.
The two-headed ogre is almost dead.
You block the two-headed ogre's attack.
The two-headed ogre hits you with a +0 giant spiked club.
You hit the two-headed ogre but do no damage.
The two-headed ogre is almost dead.
The two-headed ogre hits you with a +0 giant club!
* * * LOW HITPOINT WARNING * * *
The two-headed ogre hits you but does no damage.
You closely miss the two-headed ogre.
The two-headed ogre is almost dead.
The two-headed ogre hits you with a +0 giant club!
You die...

## #......
..##......
#######
#..#......
...(...
#........
.....>.
###......
.......
##########......
.......##....
..........
.......O..##
#####.....
.......@...##
##....
.......###..##
#..... .......
##..######.....
.......
##............
.......
#######......
####### ###.....
##.......
##........
#.........


You could see a two-headed ogre (poisoned).

Vanquished Creatures
  Maggie (D:6)
  Eustachio (D:5)
  2 orc warriors
  An ice beast (D:5)
  An ogre (D:6)
  A wyvern zombie (D:6)
  A wyvern skeleton (D:6)
  A water moccasin zombie (D:6)
  A howler monkey (D:6)
  2 crimson imps (D:5)
  4 orc priests
  A jelly (D:5)
  3 hounds
  Jessica (D:3)
  9 worker ants
  Natasha (twice) (D:2)
  13 orc wizards
  2 worker ant zombies
  8 gnolls
  3 adders
  A shadow imp (D:4)
  An ooze (D:4)
  An adder skeleton (D:4)
  2 worms
  2 dart slugs
  2 leopard geckos (D:6)
  21 orcs
  9 bats
  7 giant cockroaches
  2 goblins (D:1)
  2 hobgoblins (D:1)
  3 jackals (D:1)
  6 kobolds
  A quokka (D:4)
  A ball python (D:1)
  5 frilled lizards
  9 rats
133 creatures vanquished.

Notes
Turn   | Place    | Note
-------+----------+-------------------------------------------
     0 | D:1      | jlumianski the Gargoyle Fighter began the quest for the
                  | Orb.
     0 | D:1      | Reached XP level 1. HP: 14/14 MP: 1/1
    82 | D:1      | Reached XP level 2. HP: 15/19 MP: 2/2
   797 | D:1      | Reached XP level 3. HP: 21/23 MP: 3/3
  1539 | D:2      | Noticed Natasha
  1558 | D:2      | Killed Natasha
  1558 | D:2      | Reached skill level 4 in Shields
  1558 | D:2      | Reached XP level 4. HP: 23/28 MP: 4/4
  1650 | D:2      | Found a stormy altar of Qazlal.
  1650 | D:2      | Found a shimmering altar of Xom.
  1658 | D:2      | Found a faded altar of an unknown god.
  1661 | D:2      | Became a worshipper of Qazlal Stormbringer
  1664 | D:2      | Found a hazy altar of Hepliaklqana.
  1666 | D:2      | Found a sparkling altar of Nemelex Xobeh.
  1753 | D:2      | Noticed Natasha
  1766 | D:2      | Killed Natasha
  1941 | D:2      | Reached XP level 5. HP: 28/33 MP: 5/5
  1986 | D:2      | Reached skill level 1 in Invocations
  2192 | D:3      | Noticed Jessica
  2207 | D:3      | Killed Jessica
  2410 | D:3      | Found a glowing golden altar of the Shining One.
  2667 | D:3      | Found an ancient bone altar of Kikubaaqudgha.
  2667 | D:3      | Found a shimmering blue altar of Sif Muna.
  2669 | D:3      | Found a radiant altar of Vehumet.
  2674 | D:3      | Identified Kikubaaqudgha's Reference Book on Necromancy
  2799 | D:4      | Reached skill level 1 in Dodging
  2799 | D:4      | Reached XP level 6. HP: 38/38 MP: 7/7
  2907 | D:4      | Reached * piety under Qazlal
  3239 | D:4      | Found a glowing silver altar of Zin.
  3239 | D:4      | Noticed an angel
  3473 | D:4      | Reached skill level 5 in Shields
  3706 | D:5      | Entered Level 5 of the Dungeon
  3759 | D:4      | Reached XP level 7. HP: 42/43 MP: 9/9
  4509 | D:5      | Reached XP level 8. HP: 47/48 MP: 9/11
  4884 | D:5      | Reached skill level 5 in Axes
  4888 | D:5      | Reached ** piety under Qazlal
  5162 | D:5      | Found a shimmering blue altar of Sif Muna.
  5265 | D:6      | Noticed Eustachio
  5339 | D:5      | Killed Eustachio
  5339 | D:5      | Reached skill level 6 in Shields
  5490 | D:6      | Found a white marble altar of Elyvilon.
  5686 | D:5      | Reached skill level 5 in Invocations
  5832 | D:6      | Reached skill level 7 in Shields
  5897 | D:6      | Noticed Maggie
  6143 | D:6      | Killed Maggie
  6143 | D:6      | Reached skill level 5 in Fighting
  6143 | D:6      | Reached XP level 9. HP: 41/54 MP: 11/13
  6264 | D:6      | Reached skill level 5 in Armour
  6434 | D:6      | Noticed a two-headed ogre
  6448 | D:6      | Slain by a two-headed ogre

Illustrated notes

Levels and vault maps discovered:
D:1:      dpeg_arrival_radiant, layout_basic
D:2:      layout_loops_cross, chequers_temple_overflow_minitemple,
          nicolae_overflow_hidden_temple, first_ration, uniq_natasha
D:3:      layout_rooms, grunt_temple_overflow_magic_moments,
          nicolae_tso_swordbearing_angel, uniq_jessica
D:4:      layout_rooms, zin_angel
D:5:      layout_loops_corners, dk_noncrumbling_3, lemuel_blue_sif_altar
D:6:      layout_rooms, elyvilon_altar_5, uniq_maggie, uniq_eustachio

Skill      XL: |  1  2  3  4  5  6  7  8  9 |
---------------+----------------------------+-----
Axes           | 2 3 4 6 |  6.4
Shields        | 4 5 7 |  7.5
Invocations    | 1 2 4 5 |  5.6
Armour         | 4 5 |  5.0
Dodging        | 1 |  1.5
Fighting       | 4 5 |  5.1
Throwing       | |  0.2
Stealth        | |  0.4

Action                   |  1- 3 |  4- 6 |  7- 9 || total
-------------------------+-------+-------+-------++-------
Melee: War axe           |   101 |   191 |   344 ||   636
Throw: Dart              |       |     3 |     6 ||     9
       Stone             |       |     4 |       ||     4
Evoke: Wand              |       |       |     1 ||     1
  Use: Scroll            |     3 |       |     2 ||     5
       Potion            |       |     2 |     5 ||     7
  Eat: Chunk             |     2 |     7 |    10 ||    19
Armor: Scale mail        |    57 |    66 |       ||   123
       Chain mail        |       |    59 |   147 ||   206
Dodge: Dodged            |    26 |    50 |    46 ||   122
Block: Kite shield       |    83 |   182 |   300 ||   565
       Reflection        |     1 |     4 |     9 ||    14
